 Dungeon Crawl Stone Soup version 0.20.0-8-g6b59dc7 (webtiles) character file.

4653 Mesmaeker13 the Fighter (level 10, 0/93 HPs)
             Began as a Hill Orc Berserker on June 2, 2017.
             Was an Elder of Trog.
             Slain by a small abomination (5 damage)
             ... on level 2 of the Abyss.
             The game lasted 00:20:11 (9630 turns).

Mesmaeker13 the Fighter (Hill Orc Berserker)        Turns: 9630, Time: 00:20:11

Health: 0/93       AC: 20    Str: 21    XL:     10   Next: 43%
Magic:  10/10      EV:  7    Int:  7    God:    Trog [****..]
Gold:   486        SH:  0    Dex: 11    Spells: 9/9 levels left

rFire    . . .     SeeInvis .   a - +1 falchion
rCold    . . .     Gourm    .   (no shield)
rNeg     . . .     Faith    +   r - +0 plate armour
rPois    .         Spirit   .   h - +0 helmet
rElec    .         Reflect  .   (no cloak)
rCorr    .         Harm     .   I - +0 pair of gloves
MR       ++...                  t - +0 pair of boots
Stlth    ..........             p - amulet of faith
Regen    1.0/turn               f - ring of loudness (curse)
MPRegen  0.2/turn               K - -2 ring of dexterity (curse)

@: confused, recuperating, diseased, drained
A: slimy green scales 1, shaggy fur 1
a: Berserk, Trog's Hand, Brothers in Arms, Burn Spellbooks, Renounce Religion


You were on level 2 of the Abyss.
You worshipped Trog.
Trog was greatly pleased with you.
You were not hungry.

You visited 2 branches of the dungeon, and saw 9 of its levels.
You visited the Abyss 1 time.
You also visited: Ossuary.

You collected 486 gold pieces.

Inventory:

Hand Weapons
 a - a +1 falchion (weapon)
 j - a +0 blowgun
Missiles
 d - 4 needles of confusion
 k - 31 poisoned needles
 o - 4 tomahawks (quivered)
 B - 7 steel javelins
 J - 8 tomahawks of returning
Armour
 h - a +0 helmet (worn)
 r - a +0 plate armour (worn)
 t - a +0 pair of boots (worn)
 I - a +0 pair of gloves (worn)
Jewellery
 f - a cursed ring of loudness (left hand)
 p - an amulet of faith (around neck)
 A - an uncursed amulet of rage {unknown}
 K - a cursed -2 ring of dexterity (right hand)
 L - a cursed ring of teleportation {unknown}
 P - an uncursed ring of positive energy
 R - an uncursed ring of wizardry {unknown}
Wands
 i - a wand of confusion (14/48)
 u - a wand of confusion (2/48)
 w - a wand of acid (6/15)
 E - a wand of random effects (24/48)
 F - a wand of polymorph (7/24)
 N - a wand of polymorph (9/24)
Scrolls
 b - a scroll of enchant weapon
 n - 2 scrolls of magic mapping
 y - a scroll of teleportation
 D - a scroll of recharging
 M - 2 scrolls of identify
 Q - a scroll of acquirement {unknown}
Potions
 e - a potion of cancellation
 m - 4 potions of might {unknown}
 s - 2 potions of brilliance {unknown}
 v - 2 potions of berserk rage {unknown}
 z - 3 potions of mutation
 C - a potion of haste {unknown}
 G - a potion of heal wounds {unknown}
 H - a potion of lignification {unknown}
Comestibles
 c - 7 bread rations
 g - 4 royal jellies
 l - a meat ration
 O - 6 fruits


   Skills:
 + Level 9.9(9.0) Fighting
 + Level 9.1(8.3) Long Blades
 + Level 5.7(4.9) Throwing
 + Level 9.0(8.2) Armour
 - Level 1.5(0.9) Dodging
 - Level 1.2(0.5) Evocations


You had 9 spell levels left.
You didn't know any spells.

Dungeon Overview and Level Annotations

Branches:
Dungeon (8/15)             Temple (1/1) D:4
   Lair: D:8-11

Altars:
Ashenzari
Cheibriados
Dithmenos
Elyvilon
Fedhas
Gozag
Hepliaklqana
Kikubaaqudgha
Makhleb
Nemelex Xobeh
Okawaru
Ru
Sif Muna
Trog
Uskayaw
Vehumet
Xom
Yredelemnul
Zin
The Shining One

Annotations:
D:8 Psyche


Innate Abilities, Weirdness & Mutations

You are partially covered in slimy green scales. (AC +2)
You are covered in fur. (AC +1)


Message History

The spectral mist engulfs the starspawn tentacle segment.
The starspawn tentacle segment is engulfed in spectral mist. x2
The starspawn tentacle is destroyed!
A small abomination comes into view.
The raiju is engulfed in spectral mist.
The starspawn tentacle segment is engulfed in spectral mist.
The starspawn tentacle is engulfed in spectral mist.
The raiju is engulfed in spectral mist.
The small abomination hits you but does no damage.
Found a gateway leading out of the Abyss.
You feel the effects of Trog's Hand fading.
The small abomination hits you.
* * * LOW HITPOINT WARNING * * *
The raiju is engulfed in spectral mist.
The small abomination hits you!
* * * LOW HITPOINT WARNING * * *
The starspawn tentacle is engulfed in spectral mist.
The starspawn tentacle is destroyed!
You are confused.
You feel invigorated. The small abomination hits you.
You die...

.....#.#..##.#. #.
.Z..#.#.... ..
§##L..#.. .... .# x
§ §.# .##.# .## #
§.#§ .##...## .. ..
§ .§#...#.§..# ##.
.#
##§§#...###§.###.#
∩# #....#
.§§§§§##..# .#
#......##.§Z§.#.@#.#
.... . ..##L§§Xx.x#
..... ##.Z§#§Zh##..#
.###. . .#§#§.## #.#
. ###...#.# ## .
###.#.# #.... ##.##
..


You could see a tentacled starspawn, a revenant, a spectral shadow dragon, a
spectral snapping turtle, a raiju and 2 small abominations.

Vanquished Creatures
  A two-headed ogre (D:8)
  An ancient zyme (Abyss:2)
  2 hippogriffs
  Sigmund (D:3)
  3 wraiths (D:7)
  A hungry ghost (D:8)
  5 ice beasts
  A sky beast (D:5)
  2 necrophages (D:7)
  A centaur (D:5)
  2 ogres
  A big kobold (D:3)
  2 elf zombies (D:7)
  A bullfrog (D:6)
  A scorpion (D:5)
  2 howler monkeys (D:4)
  5 crimson imps
  4 centaur zombies (Ossuary)
  3 human zombies (D:7)
  A bullfrog skeleton (D:7)
  A hound (D:8)
  5 orc priests
  A centaur skeleton (D:5)
  4 orc wizards
  An iguana (D:6)
  A human skeleton (D:7)
  5 worker ants
  A big kobold zombie (Ossuary)
  7 mummies
  Robin (D:2)
  10 gnolls
  10 adders
  3 shadow imps
  An adder skeleton (D:4)
  2 dart slugs (D:2)
  4 leopard geckos
  17 orcs
  6 giant cockroaches
  19 goblins
  6 hobgoblins
  2 jackals (D:7)
  8 kobolds
  5 quokkas
  2 ball pythons
  A ball python zombie (D:6)
  4 bats
  8 frilled lizards
  A hobgoblin zombie (Ossuary)
  A quokka zombie (D:6)
  8 rats
  A rat zombie (D:6)
186 creatures vanquished.

Vanquished Creatures (others)
  An ancient zyme (Abyss:2)
  6 starspawn tentacles (Abyss:2)
7 creatures vanquished.

Grand Total: 193 creatures vanquished

Notes
Turn   | Place    | Note
-------+----------+-------------------------------------------
     0 | D:1      | Mesmaeker13 the Hill Orc Berserker began the quest for the Orb.
     0 | D:1      | Reached XP level 1. HP: 19/19 MP: 1/1
   265 | D:1      | Reached XP level 2. HP: 8/27 MP: 2/2
  1381 | D:2      | Reached XP level 3. HP: 33/34 MP: 3/3
  1537 | D:2      | Found a hide-covered altar of Uskayaw.
  1964 | D:2      | Noticed Robin
  2097 | D:2      | Reached ** piety under Trog
  2176 | D:2      | Reached XP level 4. HP: 22/41 MP: 4/4
  2181 | D:2      | Gained mutation: You are covered in fur. (AC +1) [potion of mutation]
  2181 | D:2      | Gained mutation: You are partially covered in slimy green scales. (AC +2) [potion of mutation]
  2184 | D:2      | Killed Robin
  2626 | D:3      | Noticed a big kobold
  2646 | D:3      | Killed a big kobold
  2646 | D:3      | Reached skill level 5 in Fighting
  2646 | D:3      | Reached XP level 5. HP: 41/48 MP: 5/5
  3428 | D:3      | Noticed Sigmund
  3479 | D:3      | Killed Sigmund
  3479 | D:3      | Reached skill level 5 in Long Blades
  3479 | D:3      | Reached XP level 6. HP: 33/57 MP: 6/6
  4007 | D:4      | Reached XP level 7. HP: 63/63 MP: 7/7
  4029 | D:4      | Found a staircase to the Ecumenical Temple.
  4043 | Temple   | Entered the Ecumenical Temple
  4734 | D:4      | Reached skill level 5 in Armour
  4734 | D:4      | Reached skill level 1 in Evocations
  5237 | D:5      | Entered Level 5 of the Dungeon
  5608 | D:5      | Reached skill level 1 in Throwing
  5609 | D:5      | Reached *** piety under Trog
  5713 | D:5      | Reached XP level 8. HP: 71/71 MP: 8/8
  6132 | D:5      | Found a hazy altar of Hepliaklqana.
  6643 | D:6      | Reached **** piety under Trog
  6643 | D:6      | Reached XP level 9. HP: 47/81 MP: 9/9
  6740 | D:6      | Received a gift from Trog
  6817 | D:6      | Found a sand-covered staircase.
  6826 | Ossuary  | Entered an ossuary
  8025 | D:7      | Received a gift from Trog
  8099 | D:7      | Found a basalt altar of Yredelemnul.
  8501 | D:7      | Reached skill level 5 in Throwing
  8501 | D:7      | Reached XP level 10. HP: 91/91 MP: 10/10
  8561 | D:7      | Found an opulent altar of Gozag.
  9005 | D:8      | Noticed a two-headed ogre
  9025 | D:8      | Killed a two-headed ogre
  9314 | D:8      | Reached ***** piety under Trog
  9368 | D:8      | Noticed Psyche
  9385 | D:8      | Cast into level 1 of the Abyss (Psyche)
  9429 | Abyss:2  | Found a sacrificial altar of Ru.
  9457 | Abyss:2  | Found a sacrificial altar of Ru.
  9510 | Abyss:2  | Noticed a tentacled starspawn
  9550 | Abyss:2  | Noticed a great orb of eyes
  9552 | Abyss:2  | Noticed a soul eater
  9603 | Abyss:2  | Noticed a revenant
  9610 | Abyss:2  | Noticed a spectral dire elephant
  9610 | Abyss:2  | Noticed a spectral ettin
  9612 | Abyss:2  | Noticed a spectral anaconda
  9615 | Abyss:2  | Noticed a spectral frost giant
  9616 | Abyss:2  | Noticed a tentacled starspawn
  9629 | Abyss:2  | HP: 1/93 [small abomination (10)]
  9630 | Abyss:2  | Noticed a spectral shadow dragon
  9630 | Abyss:2  | Slain by a small abomination

Skill      XL: |  1  2  3  4  5  6  7  8  9 10 |
---------------+-------------------------------+-----
Fighting       | 4 5 6 8 9 |  9.9
Long Blades    | 4 5 6 7 8 9 |  9.1
Armour         | 3 4 5 6 8 9 |  9.0
Evocations     | 1 |  1.2
Throwing       | 1 3 5 |  5.7
Dodging        | |  1.5

Action                   |  1- 3 |  4- 6 |  7- 9 | 10-12 || total
-------------------------+-------+-------+-------+-------++-------
Melee: Falchion          |   138 |   150 |   614 |   103 ||  1005
 Fire: Blowgun           |       |     6 |     7 |       ||    13
Throw: Tomahawk          |     2 |       |     2 |     4 ||     8
Invok: Berserk           |     1 |     3 |    12 |     3 ||    19
       Trog's Hand       |       |     3 |       |     4 ||     7
       Burn Spellbooks   |       |       |     1 |       ||     1
       Brothers in Arms  |       |       |       |     1 ||     1
Evoke: Wand              |       |       |    12 |       ||    12
  Use: Scroll            |     1 |     4 |     5 |     2 ||    12
       Potion            |       |     5 |       |     3 ||     8
 Stab: Sleeping          |     1 |       |       |       ||     1
       Confused          |       |       |     3 |       ||     3
  Eat: Chunk             |     5 |    10 |    17 |     4 ||    36
       Bread ration      |       |       |     2 |     1 ||     3
       Meat ration       |       |       |       |     1 ||     1
Armor: Animal skin       |    29 |    18 |       |       ||    47
       Chain mail        |       |    64 |     2 |       ||    66
       Plate armour      |       |       |   386 |    58 ||   444
Dodge: Dodged            |    86 |    53 |   155 |    40 ||   334
       Rpst.: Falchion   |    25 |    10 |    47 |    10 ||    92
